 Dungeon Crawl Stone Soup version 0.31-a0-826-ga5cc291a1b (webtiles) character file.

Game seed: 10033077168291508227

105 qw the Shooter (level 4, -3/28 HPs)
             Began as a Gargoyle Hunter on Sept 23, 2023.
             Slain by an orc
             ... wielding a +0 mace
              (7 damage)
             ... on level 4 of the Dungeon.
             The game lasted 00:00:48 (2295 turns).

qw the Shooter (Gargoyle Hunter)                    Turns: 2295, Time: 00:00:49

Health: -3/28      AC:  9    Str: 14    XL:     4   Next: 83%
Magic:  4/4        EV: 15    Int: 10    God:
Gold:   76         SH:  0    Dex: 15    Spells: 3/3 levels left

rFire   . . .        Y - +0 shortbow
rCold   . . .        (shield currently unavailable)
rNeg    + . .        g - +0 ring mail
rPois   inf          (no helmet)
rElec   +            (no cloak)
rCorr   .            a - +0 pair of gloves
SInv    .            (no boots)
Will    .....        (no amulet)
Stlth   +            f - +5 ring of evasion
HPRegen 0.24/turn    (no ring)
MPRegen 0.09/turn

%: no passive effects
@: no status effects
A: sickness immunity, AC +3, negative energy resistance 1, electricity
resistance, torment resistance 1, petrification resistance
a: no special abilities


You were on level 4 of the Dungeon.
You visited 1 branch of the dungeon, and saw 4 of its levels.

You collected 76 gold pieces.


Innate Abilities, Weirdness & Mutations

You are immune to sickness and miasma.
Your stone body is resilient. (AC +3)
You are immune to poison.
You resist negative energy. (rN+)
You are resistant to electric shocks. (rElec)
You are resistant to unholy torment.
You are immune to petrification.


   Skills:
 - Level 3.0 Fighting
 + Level 5.5 Ranged Weapons
 - Level 1.0 Armour
 - Level 1.5 Dodging
 - Level 1.1 Stealth


You had 3 spell levels left.
You didn't know any spells.
Your spell library was empty.

Inventory:

Hand Weapons
 Y - a +0 shortbow (weapon)
Armour
 a - a +0 pair of gloves (worn)
 g - a +0 ring mail (worn)
Jewellery
 f - a +5 ring of evasion (left hand)
Scrolls
 k - a scroll of identify
Potions
 b - a potion of magic {unknown}
 c - 2 potions of enlightenment {unknown}
 h - a potion of mutation {unknown}
 j - a potion of heal wounds {unknown}

Dungeon Overview and Level Annotations

Branches:
Dungeon (4/15)
 Temple: D:4-7

Altars:
Makhleb

Annotations:
D:4 Natasha


Message History

The arrow hits the orc but does no damage.
The orc is moderately wounded.
The orc closely misses you.
Natasha casts a spell.
You shoot an arrow. The arrow closely misses the orc.
The arrow hits the orc priest.
The orc priest is almost dead.
The orc priest looks braver for a moment.
The orc hits you but does no damage.
You shoot an arrow.
The arrow hits the orc but does no damage.
The orc is moderately wounded.
The orc misses you.
You shoot an arrow. The arrow barely misses the orc.
The arrow hits the orc priest but does no damage.
The orc priest is almost dead.
The orc closely misses you. The orc hits you but does no damage.
You shoot an arrow. The arrow barely misses the orc.
The arrow hits the orc priest.
The orc priest is almost dead.
The orc hits you but does no damage.
You shoot an arrow.
The arrow hits the orc but does no damage.
The orc is moderately wounded.
The orc wizard mumbles some strange words.
The orc wizard flickers and vanishes!
Deactivating autopickup; reactivate with Ctrl-A.
The orc misses you.
You shoot an arrow.
The arrow hits the orc but does no damage.
The orc is moderately wounded.
Natasha wildly gestures.
Natasha's front paws start to glow.
The orc closely misses you.
The orc priest calls upon Beogh to heal the orc.
The orc's wounds heal themselves!
You shoot an arrow.
The arrow hits the orc but does no damage.
The orc closely misses you. The orc hits you with a +0 mace!
You die...

##..........#
..#.#####.#
#.# #.# #(#
#.# #.# #.#
#@# #o# #o#
..[....h#
##.S..{##
#.###! # #.
#. ..


You could see an orc priest, Natasha and an orc.

Vanquished Creatures
  4 adders
  5 worms
  An orc (D:3)
  4 ball pythons
  5 bats
  4 endoplasms
  3 giant cockroaches
  3 goblins
  7 hobgoblins
  2 jackals (D:3)
  2 quokkas
  3 frilled lizards
  5 kobolds
  7 rats
55 creatures vanquished.

Notes
Turn   | Place    | Note
-------+----------+-------------------------------------------
     0 | D:1      | qw the Gargoyle Hunter began the quest for the Orb.
     0 | D:1      | Reached XP level 1. HP: 12/12 MP: 1/1
     0 | D:1      | 0 ||| qw: Version: 0.3-a-83-gcd0e7d8
     0 | D:1      | 0 ||| qw: Game counter: 1887
     0 | D:1      | 0 ||| qw: Melee chars always use a shield: true
     0 | D:1      | 0 ||| qw: God list: Okawaru
     0 | D:1      | 0 ||| qw: Allow faded altars: false
     0 | D:1      | 0 ||| qw: Do Orc after clearing Dungeon:15 true
     0 | D:1      | 0 ||| qw: Do second Lair branch before Depths: true
     0 | D:1      | 0 ||| qw: Lair rune preference: random
     0 | D:1      | 0 ||| qw: Goals: Normal
     0 | D:1      | 0 ||| PLANNING D:1-11
    22 | D:1      | Found a faded altar of an unknown god.
   145 | D:1      | Reached XP level 2. HP: 17/17 MP: 2/2
   557 | D:1      | 557 ||| UPGRADING to +0 ring mail.
   567 | D:1      | 567 ||| DROPPING +0 leather armour.
   568 | D:1      | 568 ||| DROPPING ring of flight.
   569 | D:1      | 569 ||| READING scroll labelled ALORPH DAGYE.
   570 | D:1      | 570 ||| READING scroll labelled ODAAGY VECRAHU.
   581 | D:1      | 581 ||| READING scroll labelled HUIQUE XURI.
   582 | D:1      | 582 ||| DROPPING scroll of butterflies.
   728 | D:2      | Reached XP level 3. HP: 21/21 MP: 3/3
   761 | D:2      | Reached skill level 1 in Armour
   802 | D:2      | Reached skill level 5 in Ranged Weapons
  1346 | D:2      | Reached XP level 4. HP: 27/27 MP: 4/4
  1493 | D:2      | 1493 ||| UPGRADING to +0 pair of gloves.
  1561 | D:3      | Reached skill level 3 in Fighting
  1969 | D:3      | 1969 ||| UPGRADING to +5 ring of evasion.
  1970 | D:3      | 1970 ||| READING 2 scrolls labelled GUYS TUQIWN.
  2166 | D:3      | 2166 ||| READING scroll labelled MAQAAR SIDAV.
  2167 | D:3      | 2167 ||| READING scroll labelled CUDGHA BAJOUTAC.
  2168 | D:3      | 2168 ||| DROPPING scroll of fog.
  2193 | D:4      | Found a burning altar of Makhleb.
  2273 | D:4      | Noticed Natasha
  2274 | D:4      | 2274 ||| RETREEAATING.
  2275 | D:4      | 2275 ||| FLEEEEING.
  2278 | D:4      | HP: 7/28 [adder (3)]
  2284 | D:4      | HP: 3/28 [orc priest/+0 dagger (4)]
  2285 | D:4      | HP: 1/28 [orc priest/+0 dagger (2)]
  2295 | D:4      | Slain by an orc

Levels and vault maps discovered:
D:1:      scummos_arrival_simple_crosswalls, layout_loops_cross,
          shapermc_ecumenical_altar_venn
D:2:      layout_loops_ring, serial_co_window_serial, co_window_paths_a,
          co_window_paths_a, co_window_corner_a, co_window_cross_1,
          co_window_paths_a, co_window_corner_a, co_window_paths_b,
          co_window_2corner, co_window_corner_b, co_window_corner_ca,
          co_window_paths_e, glass_columns_b, glass_columns_a, glass_columns_a
D:3:      layout_basic, serial_bayou, serial_bayou_pond_d, serial_bayou_lake_a,
          serial_bayou_pond_c, serial_bayou_pond_e, minmay_ruptured
D:4:      layout_loops_ring, bloody_makhleb, hangedman_decor_diamond_cutter,
          roderic_batcave, uniq_natasha, uniq_sigmund, uniq_crazy_yiuf_cottage

Skill      XL: |  1  2  3  4 |
---------------+-------------+-----
Armour         | 1 |  1.0
Ranged Weapons | 5 |  5.5
Fighting       | 3 |  3.0
Dodging        | |  1.5
Stealth        | |  1.1

Action                     |  1- 3 |  4- 6 || total
---------------------------+-------+-------++-------
   Fire: Shortbow          |    90 |    86 ||   176
    Use: Scroll            |     3 |     3 ||     6
 Armour: Leather armour    |    14 |       ||    14
         Ring mail         |    10 |    26 ||    36
  Dodge: Dodged            |    18 |    26 ||    44

Table legend:
 A = Non-vault XP
 B = Vault XP
 C = Vault XP percentage of total XP
 D = Non-vault monster count
 E = Vault monster count
 F = Vault count percentage of total count
                 A         B        C        D         E       F
            +---------+---------+-------+---------+---------+-------
      Total |     143 |       8 |   5.3 |      52 |       3 |   5.5
            +---------+---------+-------+---------+---------+-------
        D:1 |      30 |       0 |   0.0 |      18 |       0 |   0.0
        D:2 |      54 |       0 |   0.0 |      14 |       0 |   0.0
        D:3 |      24 |       8 |  25.0 |      13 |       3 |  18.8
        D:4 |      35 |       0 |   0.0 |       7 |       0 |   0.0
            +---------+---------+-------+---------+---------+-------
